 Dungeon Crawl Stone Soup version 0.32-a0-876-gcfddb08e57 (webtiles) character file.

Game seed: 14530533678726554116

8040 croobank the Covert (level 11, -3/78 HPs)
             Began as a Human Summoner on Apr 1, 2024.
             Was a Follower of Kikubaaqudgha.
             Engulfed by a cloud of flame (21 damage)
             ... in a bailey.
             The game lasted 01:42:47 (9964 turns).

croobank the Covert (Human Summoner)                Turns: 9964, Time: 01:42:48

Health: -3/78      AC:  5    Str:  9    XL:     11   Next: 24%
Magic:  3/21       EV: 14    Int: 22    God:    Kikubaaqudgha [*.....]
Gold:   385        SH:  4    Dex: 17    Spells: 9/23 levels left

rFire   . . .        s - +3 dagger (venom)
rCold   . . .        C - +0 buckler of Okawaru's Inspiration {Rampage +Inv Int+3 Dex+3}
rNeg    . . .        T - +0 troll leather armour
rPois   .            (no helmet)
rElec   .            (no cloak)
rCorr   .            H - +0 pair of gloves
SInv    +            o - +0 pair of boots
Will    .....        h - amulet of the acrobat
Stlth   ++++         e - ring of see invisible
HPRegen 1.13/turn    (no ring)
MPRegen 0.17/turn

%: acrobat, rampage
@: very slightly contaminated, studying Maces & Flails, inugami summoned
A: explore regen
a: Renounce Religion, Evoke Invisibility, Unearth Wretches


You were in a bailey.
You worshipped Kikubaaqudgha.
Kikubaaqudgha was aware of your devotion.
You visited 2 branches of the dungeon, and saw 11 of its levels.
You also visited: Bailey.

You collected 469 gold pieces.
You spent 84 gold pieces at shops.

Inventory:

Hand Weapons
 b - a +0 sling
 k - a +1 dagger of freezing
 m - a +0 whip of chaos
 s - a +3 dagger of venom (weapon)
 A - a +2 dagger of protection
 F - a +0 dagger of speed
 J - a +0 war axe
 M - a +2 whip of flaming
 P - a +3 falchion of freezing
 R - a +2 shortbow of flaming
Missiles
 f - 3 curare-tipped darts
 l - 14 poisoned darts
Armour
 a - a +0 robe
 o - a +0 pair of boots (worn)
 u - a +0 leather armour
 v - a +0 ring mail
 C - the +0 buckler of Okawaru's Inspiration (worn) {Rampage +Inv Int+3 Dex+3}
   (You acquired it on level 6 of the Dungeon)

   Int+3:     It affects your intelligence (+3).
   Dex+3:     It affects your dexterity (+3).
   +Inv:      It lets you turn invisible.
   Rampage:   It bestows one free step when moving towards enemies.
 H - a +0 pair of gloves (worn)
 L - a scarf of harm
 T - a +0 troll leather armour (worn)
Magical Staves
 O - a staff of death
Jewellery
 e - a ring of see invisible (left hand)
 h - an amulet of the acrobat (around neck)
 n - a ring of fire
 q - the ring "Golly" {Wiz rPois rCorr Str-4}
   (You took it off a kobold on level 2 of the Dungeon)

   [ring of wizardry]

   Wiz:       It improves your spell success rate.
   Str-4:     It affects your strength (-4).
   rPois:     It protects you from poison.
   rCorr:     It protects you from acid and corrosion.
 B - a ring of resist corrosion
Wands
 E - a wand of flame (40)
 K - a wand of mindburst (20)
Scrolls
 g - 2 scrolls of vulnerability
 y - a scroll of silence
 I - 3 scrolls of teleportation
 N - a scroll of identify
 U - 2 scrolls of fear {unknown}
 V - 2 scrolls of blinking {unknown}
Potions
 c - 2 potions of brilliance
 d - 4 potions of mutation
 i - a potion of might
 j - 2 potions of enlightenment
 p - a potion of haste
 t - 8 potions of curing
 w - 2 potions of magic
 x - a potion of berserk rage
 z - 2 potions of lignification
 D - 3 potions of attraction
 G - a potion of cancellation
 S - a potion of invisibility


   Skills:
 + Level 4.9 Fighting
 + Level 7.0 Maces & Flails
 * Level 7.6 Dodging
 * Level 8.3 Stealth
 * Level 6.9 Spellcasting
 * Level 8.2 Summonings
 - Level 5.0 Fire Magic
 + Level 2.0 Air Magic


You had 9 spell levels left.
You knew the following spells:

 Your Spells              Type           Power      Damage    Failure   Level
a - Summon Small Mammal   Summ           100%       N/A       1%          1
b - Call Imp              Summ           88%        N/A       1%          2
c - Call Canine Familiar  Summ           44%        N/A       1%          3
d - Summon Blazeheart Go  Fire/Summ      36%        N/A       12%         4
e - Summon Lightning Spi  Summ/Air       30%        N/A       22%         4

Your spell library contained the following spells:

 Spells                   Type           Power      Damage    Failure   Level
 Sting                    Conj/Alch      28%        1d4       19%         1
 Mercury Vapours          Alch/Air       24%        N/A       19%         2
 Cigotuvi's Dreadful Rot  Necr/Alch/Air  20%        N/A       22%         2
 Lesser Beckoning         Tloc           14%        N/A       28%         2
 Sublimation of Blood     Necr           7%         N/A       28%         2
 Dazzling Flash           Conj/Hex       14%        N/A       50%         3
 Teleport Other           Tloc           7%         N/A       50%         3
 Vampiric Draining        Necr           7%         2d6       50%         3
 Animate Dead             Necr           7%         N/A       88%         4
 Brom's Barrelling Bould  Conj/Erth      7%         2d3       88%         4
 Maxwell's Portable Pile  Tloc           7%         2d(6-12)  88%         4
 Olgreb's Toxic Radiance  Alch           7%         N/A       88%         4
 Fireball                 Conj/Fire      9%         3d6       88%         5
 Iskenderun's Battlesphe  Conj           7%         2d6       99%         5
 Conjure Ball Lightning   Conj/Air       6%         3x3d6     100%        6
 Starburst                Conj/Fire      9%         6d5       100%        6
 Orb of Destruction       Conj           3%         9d5       100%        7
 Maxwell's Capacitive Co  Air            8%         ∞         100%        8


Dungeon Overview and Level Annotations

Branches:
Dungeon (10/15)            Temple (1/1) D:7             Orc (0/2) D:10
 Bailey (1/1)
   Lair: D:8-11

Altars:
Ashenzari
Cheibriados
Dithmenos
Elyvilon
Fedhas
Gozag
Hepliaklqana
Kikubaaqudgha
Makhleb
Nemelex Xobeh
Okawaru
Qazlal
Ru
Sif Muna
Trog
Uskayaw
Vehumet
Wu Jian
Xom
Yredelemnul
Zin
The Shining One

Shops:
D:3 *


Innate Abilities, Weirdness & Mutations

You regain HP and MP as you explore.


Message History

Send 'em back where they came from!
Your lightning spire shudders.
Your blazeheart golem shudders.
Casting: Summon Lightning Spire (dangerous; 22% risk of failure)
Confirm with . or Enter, or press ? or * to list all spells.
You call for your canine familiar and it appears with a howl!
The vault guard hits you with a +0 broad axe!!
The vault guard hits your inugami with a +0 broad axe!
The vault guard hits your blazeheart golem with a +0 broad axe!
The nameless horror hits you but does no damage.
You hit the vault guard but do no damage.
The vault guard is lightly wounded.
The vault guard closely misses you.
The vault guard hits your inugami with a +0 broad axe.
The vault guard hits your blazeheart golem with a +0 broad axe!
Your blazeheart golem falls apart, revealing its core!
Your inugami closely misses the vault guard.
Send 'em back where they came from!
Your lightning spire disappears in a puff of smoke!
Your inugami shudders.
The vault guard hits you with a +0 broad axe!
The vault guard misses your blazeheart core.
The vault guard hits your inugami with a +0 broad axe!
Your blazeheart core explodes!
The fiery explosion engulfs the vault guard!!
The fiery explosion engulfs you!!
* * * LOW HITPOINT WARNING * * *
Your inugami closely misses the vault guard.
The vault guard is engulfed in blazing flames.
You feel much better.
You are engulfed in blazing flames.
* * * LOW HITPOINT WARNING * * *
The nameless horror is engulfed in blazing flames.
The nameless horror hits you but does no damage.
The vault guard hits you with a +0 broad axe.
* * * LOW HITPOINT WARNING * * *
Casting: Call Canine Familiar (safe; 1% risk of failure)
Confirm with . or Enter, or press ? or * to list all spells.
A fiery spirit appears, bound in slag iron.
You are engulfed in blazing flames.
You die...
Kikubaaqudgha rasps: You have failed me!
Welcome... death!

##### ##???##
#!?.!!# #.....#
#.h...# #○.∩..#
###9Xp..###
##~##@..##≈##
##~~~##'##~~≈##
#~~~.....~.~~≈#
#.....~~.~~~~≈##
.≈≈≈~...~.~~~~≈#
+###≈~....~~~~≈#
##≈~...~~~~≈#
#≈~..)~~~~≈#
##≈~.~~~~~≈#


You could see a vault guard (ally target), a nameless horror, a friendly
blazeheart golem (summoned) and a friendly inugami (summoned).

Vanquished Creatures
  A two-headed ogre (D:9)
  Pikel (D:5)
  A troll (D:9)
  A wyvern (D:9)
  18 yaks
  2 nameless horrors
  2 humans (Bailey)
  An acid dragon (D:8)
  2 water moccasins
  An ice beast (D:6)
  An ogre (D:5)
  A centaur (D:7)
  2 lemures (D:5)
  A bullfrog (Bailey)
  2 scorpions
  5 wights (D:8)
  4 killer bees
  A howler monkey (D:6)
  A hound (D:4)
  A jelly (D:5)
  An orc priest (D:9)
  2 sleepcaps
  An orc wizard (D:9)
  A gnoll (Bailey)
  An adder (D:3)
  A white imp (D:7)
  2 dart slugs
  A ribbon worm (D:4)
  6 orcs
  2 ball pythons (D:3)
  6 endoplasms
  4 giant cockroaches
  A goblin (D:4)
  6 hobgoblins
  3 quokkas
  A bat (D:2)
  3 kobolds
91 creatures vanquished.

Vanquished Creatures (collateral kills)
  The ghost of Fractals the Gusty, a novice DrWn of Lugonu (D:5)
  Prince Ribbit (Bailey)
  Grinder (D:5)
  A shadow (D:9)
  A human (Bailey)
  A water moccasin (D:9)
  An orc warrior (D:9)
  A black bear (D:4)
  An ogre (D:4)
  A lemure (D:5)
  6 bullfrogs (Bailey)
  4 wights (D:8)
  4 killer bees
  A jelly (D:5)
  2 hounds
  A sleepcap (D:6)
  2 orc wizards (D:9)
  An adder (D:3)
  A white imp (D:5)
  2 ufetubi (D:6)
  2 ribbon worms
  6 orcs
  A bat (D:1)
  4 endoplasms
  3 giant cockroaches
  5 goblins
  8 hobgoblins
  A quokka (D:3)
  2 ball pythons
  3 frilled lizards
  5 kobolds
  7 rats
81 creatures vanquished.

Vanquished Creatures (others)
  22 blazeheart cores
22 creatures vanquished.

Grand Total: 194 creatures vanquished

Notes
Turn   | Place    | Note
-------+----------+-------------------------------------------
     0 | D:1      | croobank the Human Summoner began the quest for the Orb.
     0 | D:1      | Reached XP level 1. HP: 13/13 MP: 3/3
   326 | D:1      | Reached XP level 2. HP: 18/19 MP: 1/5
   332 | D:1      | Learned a level 2 spell: Call Imp
   789 | D:1      | You fall into a shaft and drop 1 floor!
  1462 | D:2      | Identified the ring "Golly" {Wiz rPois rCorr Str-4}
  1472 | D:2      | Reached XP level 3. HP: 15/24 MP: 3/6
  1520 | D:2      | Learned a level 3 spell: Call Canine Familiar
  1556 | D:2      | Found a faded altar of an unknown god.
  2012 | D:3      | Found Ameg's General Store.
  2023 | D:3      | Bought a scroll of identify for 24 gold pieces
  2023 | D:3      | Bought a potion of berserk rage for 60 gold pieces
  2499 | D:3      | Reached XP level 4. HP: 21/30 MP: 0/7
  2835 | D:3      | Found a radiant altar of Vehumet.
  3188 | D:3      | Reached XP level 5. HP: 35/35 MP: 2/9
  3459 | D:4      | Noticed a black bear
  3469 | D:4      | Killed a black bear
  3470 | D:4      | Reached skill level 1 in Maces & Flails
  3921 | D:4      | Found a glowing silver altar of Zin.
  3930 | D:4      | Noticed an ogre
  3941 | D:4      | Killed an ogre
  3942 | D:4      | Reached skill level 1 in Fighting
  3942 | D:4      | Reached XP level 6. HP: 43/43 MP: 4/10
  3947 | D:4      | Learned a level 4 spell: Summon Blazeheart Golem
  4017 | D:4      | Found a hide-covered altar of Uskayaw.
  4682 | D:5      | Entered Level 5 of the Dungeon
  4803 | D:5      | Noticed Grinder
  4809 | D:5      | Paralysed by Grinder for 4 turns
  4824 | D:5      | Killed Grinder
  4825 | D:5      | Reached skill level 5 in Summonings
  4825 | D:5      | Reached skill level 1 in Fire Magic
  4825 | D:5      | Reached XP level 7. HP: 41/48 MP: 8/12
  4900 | D:5      | Found a runed translucent gate.
  4901 | D:5      | Found a runed translucent gate.
  4901 | D:5      | Found a runed translucent gate.
  4903 | D:5      | Noticed Fractals's ghost (novice DrWn)
  4969 | D:5      | Noticed a nameless horror
  4983 | D:5      | Killed a nameless horror
  5264 | D:5      | Noticed Pikel
  5288 | D:5      | Killed Pikel
  5289 | D:5      | Reached XP level 8. HP: 56/56 MP: 3/14
  5927 | D:5      | Reached skill level 5 in Stealth
  6105 | D:5      | Killed Fractals's ghost
  6516 | D:6      | Identified a scroll of acquirement
  6516 | D:6      | Acquired the +0 buckler of Okawaru's Inspiration {Rampage
                  | +Inv Int+3 Dex+3}
  6560 | D:6      | Reached skill level 5 in Dodging
  6891 | D:7      | Found a burning altar of Makhleb.
  6915 | D:7      | Reached XP level 9. HP: 62/62 MP: 16/16
  7026 | D:7      | Learned a level 4 spell: Summon Lightning Spire
  7194 | D:7      | Reached skill level 5 in Spellcasting
  7293 | D:7      | Found a staircase to the Ecumenical Temple.
  7325 | D:8      | Found an opulent altar of Gozag.
  7333 | D:8      | Reached skill level 5 in Maces & Flails
  7375 | Temple   | Entered the Ecumenical Temple
  7389 | Temple   | Became a worshipper of Kikubaaqudgha
  7561 | D:8      | Found a sacrificial altar of Ru.
  7561 | D:8      | Found a faded altar of an unknown god.
  7568 | D:8      | Found a faded altar of an unknown god.
  7570 | D:8      | Found a shimmering altar of Xom.
  7572 | D:8      | Found a bloodstained altar of Trog.
  7787 | D:8      | Reached XP level 10. HP: 23/68 MP: 12/18
  8110 | D:8      | Identified the +2 chain mail of Watchfulness {Regen+ Dex+2
                  | Stlth+}
  8159 | D:8      | Found an ornate altar of the Wu Jian Council.
  8636 | D:9      | Reached skill level 5 in Fire Magic
  8908 | D:9      | Noticed a two-headed ogre
  8918 | D:9      | Killed a two-headed ogre
  9200 | D:9      | Identified the +0 plate armour of the Frog {Fly Will+ Dex-2
                  | SInv}
  9680 | D:9      | Reached * piety under Kikubaaqudgha
  9680 | D:9      | Received a gift from Kikubaaqudgha
  9758 | D:10     | Entered Level 10 of the Dungeon
  9796 | D:10     | Reached skill level 1 in Air Magic
  9796 | D:10     | Reached XP level 11. HP: 33/78 MP: 20/20
  9824 | D:10     | Found a flagged portal.
  9833 | Bailey   | Entered a bailey
  9950 | Bailey   | Noticed a vault guard
  9950 | Bailey   | Noticed Prince Ribbit
  9957 | Bailey   | Killed Prince Ribbit
  9962 | Bailey   | HP: 1/78 [spore (25)]
  9964 | Bailey   | Engulfed by a cloud of flame

Illustrated notes

Levels and vault maps discovered:
D:1:      saegor_arrival_simple_c, layout_loops_ring, serial_glass,
          glass_columns_b, glass_columns_c, minmay_heptomino_l4
D:2:      layout_loops_ring, ebering_ecumenical_altar_box
D:3:      minmay_thinvault, layout_loops_corners, vehumet_altar_wand_db,
          serial_shops, nicolae_shop_tiny_waterfront
D:4:      layout_loops_ring, eat_drink_and_be_merry_uskayaw,
          lemuel_crystal_altar, serial_aquarium, aquarium_bridge_square
          [aquarium_subvault_bridge, aquarium_subvault_window,
          aquarium_subvault_wall, aquarium_subvault_bridge],
          aquarium_window_corner, aquarium_window_1, aquarium_window_fake,
          aquarium_window_corridor_1, aquarium_view_2b, aquarium_view_2d,
          aquarium_balcony_3a
D:5:      layout_loops_ring, ebering_ghost_rock_garden, serial_rivers,
          chequers_serial_rivers_micro_b, chequers_serial_rivers_room_a,
          chequers_serial_rivers_small_a, chequers_serial_rivers_small_3,
          uniq_pikel, uniq_grinder
D:6:      layout_cave_pools
D:7:      layout_cave_pools, overflow_temple_1_default,
          minmay_temple_entry_glassed_door
D:8:      layout_gridville, chequers_temple_overflow_minitemple,
          mainiacjoe_overflow_large_starburst
D:9:      layout_roguey
D:10:     layout_cave_pools, orc_0_dummy, enter_bailey_4
Temple:   nicolae_temple_god_jail
Bailey:   bailey_axe_froggy_fort_hellmonk, bailey

Skill      XL: |  1  2  3  4  5  6  7  8  9 10 11 |
---------------+----------------------------------+-----
Stealth        | 3 4 5 6 7 8 |  8.3
Maces & Flails | 1 2 3 4 5 6 7 |  7.0
Dodging        | 3 4 5 6 7 |  7.6
Spellcasting   | 3 4 5 6 |  6.9
Fighting       | 1 2 3 4 |  4.9
Summonings     | 5 6 8 |  8.2
Fire Magic     | 1 2 3 4 5 |  5.0
Air Magic      | 1 2 |  2.0

Action                     |  1- 3 |  4- 6 |  7- 9 | 10-12 || total
---------------------------+-------+-------+-------+-------++-------
  Melee: Unarmed           |     9 |       |       |       ||     9
         Dagger            |    44 |    43 |    58 |    68 ||   213
         Whip              |       |       |    13 |    12 ||    25
   Cast: Summon Small Mamm |    39 |    13 |    15 |     4 ||    71
         Call Imp          |    17 |    10 |    10 |     3 ||    40
         Call Canine Famil |     2 |    11 |    12 |     6 ||    31
         Summon Blazeheart |       |     1 |    13 |    14 ||    28
         Summon Lightning  |       |       |       |     3 ||     3
  Evoke: Wand              |       |       |     2 |       ||     2
    Use: Scroll            |     4 |    10 |     4 |     4 ||    22
         Potion            |       |       |     2 |     1 ||     3
   Stab: Distracted        |     1 |     1 |     1 |     2 ||     5
         Sleeping          |     6 |     5 |     6 |     5 ||    22
 Armour: Robe              |    27 |    19 |    37 |    10 ||    93
         Troll leather arm |       |       |       |    48 ||    48
  Dodge: Dodged            |    39 |    26 |    47 |    48 ||   160
  Block: Buckler           |       |       |    14 |    14 ||    28

Table legend: (Time is in decaauts)
 A = Elapsed time spent in this place.
 B = Non-inter-level travel time spent in this place.
 C = Inter-level travel time spent in this place.
 D = Time resting spent in this place.
 E = Time spent auto-exploring this place.
 F = Levels seen in this place.
 G = Mean time per level.
                   A        B        C        D        E       F      G
               +--------+--------+--------+--------+--------+-----+--------+
         Total |   9984 |   9618 |    366 |   1444 |   6162 |  12 |  832.0 |
       Dungeon |   9825 |   9485 |    340 |   1415 |   6154 |  10 |  982.5 |
        Temple |     26 |      1 |     25 |      0 |      0 |   1 |   26.0 |
        Bailey |    132 |    132 |      0 |     29 |      8 |   1 |  132.0 |
               +--------+--------+--------+--------+--------+-----+--------+

Top non-repeatable levels by time:
     D:5: 1582 daAuts
     D:3: 1511 daAuts
     D:4: 1236 daAuts
     D:8: 1221 daAuts
     D:9: 1142 daAuts
     D:1: 1076 daAuts
     D:2: 855 daAuts
     D:6: 599 daAuts
     D:7: 522 daAuts
  Bailey: 132 daAuts
    D:10: 76 daAuts
  Temple: 26 daAuts
